 Dungeon Crawl Stone Soup version 0.28-a0-563-gf77a47075d (webtiles) character file.

Game seed: 12380504783434421409

396998 robertstho the Sorcerer (level 24, -12/175 HPs)
             Began as a Djinni Fire Elementalist on Sept 30, 2021.
             Was an Initiate of Gozag.
             Killed from afar by a frost giant (46 damage)
             ... with a bolt of cold
             ... on level 5 of the Vaults.
             The game lasted 03:05:12 (88153 turns).

robertstho the Sorcerer (Djinni Fire Elementalist) Turns: 88153, Time: 03:05:12

Health: -12/175    AC: 27    Str: 10      XL:     24   Next: 32%
Gold:   3034       EV: 23    Int: 28 (32) God:    Gozag SH: 17 Dex: 19

rFire   + + +      SeeInvis +   D - +9 long sword (elec)
rCold   . . .      Faith    .   p - +1 kite shield {reflect}
rNeg    + . .      Spirit   .   I - +5 steam dragon scales
rPois   ∞          Reflect  +   N - +2 helmet {SInv}
rElec   +          Harm     .   (no cloak)
rCorr   +          Rampage  .   y - +0 pair of gloves of Cooriju {rElec Int+4 Dex+4}
Will    ++...                   (boots unavailable)
Stlth   +++.......              K - amulet of reflection
HPRegen 0.39/turn               d - +4 ring of protection
MPRegen 0.00/turn               U - ring of Luishuow {rN+ rCorr AC+4 Str+3}

@: mighty, resistant, gold aura, flying, very slightly contaminated, hasted,
studying Polearms, invisible, very quick
A: sickness immunity, fire resistance 2, cold vulnerability 1, float, innate
caster, hp casting, extra vitality 1
}: 2/15 runes: barnacled, gossamer
a: Renounce Religion, Potion Petition, Call Merchant, Bribe Branch


You were on level 5 of the Vaults.
You worshipped Gozag.
Gozag was most pleased with you.
You visited 8 branches of the dungeon, and saw 40 of its levels.
You visited the Abyss 1 time.
You also visited: Gauntlet, Ice Cave and Wizlab.

You collected 19724 gold pieces.
You spent 4239 gold pieces at shops.
You paid 12451 gold pieces to Gozag.

Inventory:

Hand Weapons
 f - the +5 long sword "Qumebb" {flame, rElec Dex+3}
   (You bought it in a shop on level 2 of the Vaults)

   It burns those it strikes, dealing additional fire damage.
   Big, fiery blades are also staple armaments of hydra-hunters.
   Dex:       It affects your dexterity (+3).
   rElec:     It insulates you from electricity.
 D - a +9 long sword of electrocution (weapon)
Armour
 p - a +1 kite shield of reflection (worn)
 y - the +0 pair of gloves of Cooriju (worn) {rElec Int+4 Dex+4}
   (You found it on level 5 of the Dungeon)

   Int:       It affects your intelligence (+4).
   Dex:       It affects your dexterity (+4).
   rElec:     It insulates you from electricity.
 I - +5 steam dragon scales (worn)
 N - a +2 helmet of see invisible (worn)
Jewellery
 c - a ring of positive energy
 d - a +4 ring of protection (left hand)
 l - a ring of protection from cold
 m - a ring of protection from fire
 t - the ring of Meck {rC+ rN+ Str+6 SInv}
   (You acquired it on level 3 of the Elven Halls)

   [ring of strength]

   Str:       It affects your strength (+6).
   rC:        It protects you from cold.
   rN:        It protects you from negative energy.
   SInv:      It lets you see invisible.
 u - a ring of protection from fire
 E - the amulet "Oresot" {Acrobat rCorr Str+3}
   (You found it in a Gauntlet)

   [amulet of the acrobat]

   It increases your evasion while moving and waiting.
   Str:       It affects your strength (+3).
   rCorr:     It protects you from acid and corrosion.
 J - a +6 ring of intelligence
 K - an amulet of reflection (around neck)
 O - the amulet of Liberalism {Acrobat rC+}
   (You bought it in a shop on level 2 of the Vaults)

   [amulet of the acrobat]

   It increases your evasion while moving and waiting.
   rC:        It protects you from cold.
 U - the ring of Luishuow (right hand) {rN+ rCorr AC+4 Str+3}
   (You found it on level 6 of the Lair of Beasts)

   [ring of protection]

   AC:        It affects your AC (+4).
   Str:       It affects your strength (+3).
   rN:        It protects you from negative energy.
   rCorr:     It protects you from acid and corrosion.
 X - a ring of willpower
Wands
 H - a wand of mindburst (55)
 M - a wand of acid (39)
 V - a wand of iceblast (28)
 W - a wand of digging (7)
Scrolls
 a - 3 scrolls of torment
 e - 5 scrolls of blinking
 g - 2 scrolls of vulnerability
 h - 4 scrolls of fog
 i - 5 scrolls of magic mapping
 n - 2 scrolls of immolation
 v - 5 scrolls of teleportation
 x - 14 scrolls of identify
 A - 6 scrolls of fear
 B - 3 scrolls of holy word
 F - 4 scrolls of enchant armour
 G - 2 scrolls of brand weapon
 P - 4 scrolls of summoning
Potions
 b - 6 potions of ambrosia
 o - 5 potions of cancellation
 q - 11 potions of brilliance
 r - 9 potions of might
 s - a potion of resistance
 w - 12 potions of lignification
 z - 11 potions of mutation
 C - 3 potions of haste
 L - 3 potions of attraction
 S - 3 potions of berserk rage
Miscellaneous
 R - a condenser vane
 T - a lightning rod (4/4)
 Z - a box of beasts


   Skills:
 * Level 16.1 Fighting
 + Level 3.3(4.2) Short Blades
 + Level 3.9(4.5) Long Blades
 + Level 3.4 Bows
 * Level 16.2 Armour
 * Level 18.2 Dodging
 + Level 6.1 Stealth
 + Level 5.9 Shields
 + Level 22.1 Spellcasting
 + Level 0.2 Evocations


You couldn't memorise any spells.
You knew the following spells:

 Your Spells              Type           Power      Damage    Failure   Level
a - Foxfire               Conj/Fire      100%       2x1d9     0%          1
b - Scorch                Fire           100%       2d10      0%          2
c - Conjure Flame         Conj/Fire      100%       6-21      0%          3
d - Inner Flame           Hex/Fire       100%       N/A       0%          3
e - Flame Wave            Conj/Fire      100%       3d16      0%          4
f - Pain                  Necr           100%       1d9       0%          1
g - Corpse Rot            Necr/Air       N/A        N/A       0%          2
h - Swiftness             Air            100%       N/A       0%          3
i - Call Canine Familiar  Summ           100%       N/A       0%          3
j - Borgnjor's Vile Clut  Necr/Erth      50%        N/A       0%          5
k - Agony                 Necr           100%       N/A       0%          5
l - Eringya's Noxious Bo  Tmut/Pois      50%        N/A       1%          6
m - Storm Form            Tmut/Air       50%        N/A       1%          7
n - Orb of Destruction    Conj           50%        9d15      1%          7
o - Summon Horrible Thin  Summ           50%        N/A       2%          8
p - Monstrous Menagerie   Summ           50%        N/A       1%          7
Your spell library was empty.

Dungeon Overview and Level Annotations

Branches:
Dungeon (15/15)            Temple (1/1) D:4            Lair (6/6) D:9
 Shoals (4/4) Lair:4       Spider (4/4) Lair:4        Slime (0/5) Lair:6
    Orc (2/2) D:11            Elf (3/3) Orc:2        Vaults (5/5) D:13
  Crypt (0/3) Vaults:3     Depths (0/4) D:15          IceCv (visited)
 WizLab (visited)         Gauntlet (visited)

Altars:
Ashenzari
Dithmenos
Elyvilon
Gozag
Ru
Trog
Uskayaw
Vehumet
Wu Jian
Xom
Beogh
Jiyva

Shops:
D:11 !   D:12 [*   Orc:2 [*(=   Elf:3 =   Lair:3 ?   Shoals:2 *   Spider:2 !
Vaults:2 (*(   Vaults:4 (!?

Annotations:
D:4 Pikel
Lair:6 1 runed translucent door
Spider:3 2 transporters, Efeguoh's ghost, adept SpEn


Innate Abilities, Weirdness & Mutations

You are immune to sickness and miasma.
You are immune to poison.
Your flesh is very heat resistant. (rF++)
You are vulnerable to cold. (rC-)
You float through the air rather than walking.
You learn spells naturally, not from books.
Your magical power is your life essence.
You have superior vitality. (+4 HP)


Message History

Anything else - Cancel.
Gang up on whom?
Press: ? - help, Dir - move target, f/p - frost giant
Aim: a frost giant, wielding a +2 battleaxe of freezing (black smoke, severely wounded) Attack!
The quicksilver ooze is no longer distracted by gold.
The shadow dragon bites your large abomination!
The shadow dragon claws your large abomination. x2
The frost giant points at you and mumbles some strange words.
The bolt of cold hits your lindwurm!!!
Your lindwurm dies!
Your lindwurm's corpse disappears in a puff of smoke!
The bolt of cold hits you.
* * * LOW HITPOINT WARNING * * *
Your large abomination hits the shadow dragon!!
Unknown command.
The lich touches your large abomination but does no damage.
Your large abomination hits the frost giant. x2
Unknown command.
Casting: Summon Horrible Things (dangerous; 2% risk of failure)
Confirm with . or Enter, or press ? or * to list all spells.
* * * LOW HITPOINT WARNING * * *
Your large abomination hits the frost giant but does no damage.
Your large abomination hits the frost giant!
The lich is distracted by your dazzling golden aura.
The lich shouts!
Unknown command.
Your large abomination disappears in a puff of smoke! x2
The lich is no longer distracted by gold.
The frost giant casts a spell at your large abomination.
The bolt of cold hits your large abomination!!!
Your large abomination is destroyed!
Your large abomination disappears in a puff of smoke!
The bolt of cold hits your large abomination!
Your large abomination hits the frost giant.
The frost giant gestures at your large abomination while chanting.
The bolt of cold hits your large abomination!!!
The bolt of cold hits you!!!
You die...
Your body crumbles into a pile of gold.

#....#.....# #....#....$#
#.$..#$... .........
$$$$$$$#################
.$<<.$.............?....
.<$$<$$..§.§..XX........
.$<<$$.$.§LDXX..........
...$.$$..§JCX$..@(...... ..
....$...p###################....
......X.$$.H..D..°$$............
#.)....X$$$.X.pHT$G...).........
#.......$C.XX.p$(........###....
#....#.X......L$....)#+++# ..#
....#....$XS$...#'''# # ...
#...$..X....#...# ..
#...........#...#


You could see a shadow dragon (catching breath), a frost giant (ally target), a
lich (invisible), a quicksilver ooze and 5 friendly large abominations.

Vanquished Creatures
  An ancient lich (WizLab)
  Bai Suzhen (Shoals:4)
  Nikola (Elf:2)
  Jorgrun (Spider:3)
  Mlioglotl (Spider:1)
  A shard shrike zombie (Abyss:3)
  4 deep elf master archers (Elf:3)
  A deep elf blademaster (Elf:3)
  Gastronok (Lair:3)
  An ancient champion (WizLab)
  4 krakens
  A shadow dragon (Vaults:5)
  3 tengu reavers
  5 vault wardens
  7 deep elf elementalists (Elf:3)
  7 emperor scorpions
  8 deep elf sorcerers (Elf:3)
  A war gargoyle (Vaults:1)
  2 very ugly things
  2 stone giants
  4 ghouls (D:15)
  2 ironbound preservers (Vaults:2)
  3 deep elf demonologists (Elf:3)
  10 deep elf annihilators
  An entropy weaver (Spider:3)
  5 merfolk javelineers
  2 blizzard demons (IceCv)
  A minotaur (Gauntlet)
  8 deep elf death magi
  2 ettins (Vaults:5)
  7 merfolk impalers
  5 deep elf high priests
  5 yaktaur captains
  A great orb of eyes (Vaults:2)
  Harold (Lair:1)
  Erolcha (D:13)
  A caustic shrike simulacrum (IceCv)
  26 vault guards
  An ironbound frostheart (Vaults:2)
  12 hydras
  4 boulder beetles
  2 merfolk avatars
  2 ogre magi
  A peacekeeper (Vaults:1)
  2 catoblepae (Lair:6)
  Erica (D:8)
  14 centaur warriors
  3 satyrs
  7 two-headed ogres
  2 merfolk aquamancers (Shoals:4)
  3 alligator snapping turtles (Shoals:4)
  15 death yaks
  2 tengu warriors (D:15)
  A deep troll shaman (Lair:6)
  5 orc high priests
  18 deep elf knights
  A nameless horror (Vaults:1)
  A fire crab (Lair:6)
  11 sea snakes
  9 skeletal warriors
  5 deep trolls
  4 phantasmal warriors
  13 deep elf archers
  A glowing orange brain (D:15)
  A bog body (IceCv)
  A death drake (shapeshifter) (Vaults:5)
  14 wizards
  3 orc knights (Orc:2)
  10 lindwurms
  An obsidian statue (IceCv)
  16 ugly things
  24 deep elf pyromancers
  23 deep elf zephyrmancers
  9 harpies
  12 orb spiders
  6 ironbound convokers
  A necromancer (Elf:1)
  21 wolf spiders
  A faun (shapeshifter) (Vaults:1)
  5 cyclopes
  5 orc sorcerers
  7 large abominations
  22 manticores
  17 fauns
  3 moths of wrath
  24 elephants
  A black mamba (shapeshifter) (D:14)
  8 merfolk sirens
  2 black mambas
  8 water nymphs
  A guardian serpent (shapeshifter) (D:15)
  3 vault sentinels
  11 cane toads
  2 gargoyles (D:13)
  Maggie (D:7)
  An unseen horror (shapeshifter) (D:14)
  4 freezing wraiths
  A rime drake (Lair:5)
  12 yaktaurs
  Psyche (D:8)
  10 komodo dragons
  9 entropy weaver simulacra (IceCv)
  4 tengu conjurers
  9 demonic crawlers
  6 ice devils
  2 anaconda simulacra
  26 jumping spiders
  3 meliai (D:13)
  A queen bee (shapeshifter) (Elf:2)
  21 merfolk
  8 trolls
  A guardian mummy (D:15)
  4 polar bears (Lair:6)
  4 wind drakes
  3 hornets
  3 raiju
  26 blink frogs
  5 dream sheep
  15 slime creatures
  9 snapping turtles
  A meliai zombie (D:15)
  8 water elementals
  2 shadows (D:11)
  3 air elementals (Elf:3)
  2 wyverns
  87 redbacks
  32 tarantellas
  5 spriggan simulacra (IceCv)
  4 wraiths
  55 yaks
  4 dire elephant simulacra (IceCv)
  5 vampires
  A ynoxinul (Abyss:3)
  4 humans (D:13)
  3 steam dragons
  A fire elemental (Elf:2)
  2 basilisks
  5 minotaur simulacra (IceCv)
  4 vampire mosquitoes (D:14)
  A chaos spawn (Abyss:3)
  A swamp worm (shapeshifter) (D:15)
  A spatial vortex (Abyss:3)
  4 wargs
  4 two-headed ogre zombies (WizLab)
  A hydra simulacrum (IceCv)
  3 acid dragons
  14 water moccasins
  A black bear (Lair:1)
  22 orc warriors
  3 sky beasts
  A necrophage (D:5)
  2 alligator simulacra (IceCv)
  4 boggarts (Vaults:2)
  A lemure (D:3)
  14 ogres
  17 wolves
  13 centaurs
  2 kobold brigands
  8 bullfrogs
  3 earth elementals
  2 elf zombies (Elf:1)
  8 deep troll simulacra (IceCv)
  A gnoll sergeant (D:8)
  A scorpion (D:4)
  A wyvern skeleton (D:6)
  9 troll zombies (WizLab)
  11 wights
  5 electric eels
  3 centaur zombies
  2 howler monkeys (D:7)
  18 orc priests
  2 bullfrog zombies
  A bullfrog skeleton (D:4)
  4 hounds (D:9)
  2 jellies
  4 centaur skeletons
  A gnoll shaman (D:5)
  An iguana (D:5)
  Ijyb (D:3)
  2 hell rats (Lair:6)
  Natasha (thrice) (D:3)
  25 orc wizards
  A killer bee zombie (D:6)
  5 ogre zombies (WizLab)
  A hound skeleton (D:2)
  A mummy (D:15)
  14 gnolls
  8 adders
  3 river rats (Lair:6)
  2 shadow imps (Gauntlet)
  8 white imps
  3 worms
  3 dart slugs
  61 orcs
  7 ball pythons
  5 endoplasms
  5 giant cockroaches
  7 goblins
  5 hobgoblins
  8 jackals
  16 kobolds
  4 quokkas
  3 bats (D:2)
  6 frilled lizards
  13 rats
  A foxfire (Shoals:4)
  10 tentacles
1384 creatures vanquished.

Vanquished Creatures (collateral kills)
  2 dread liches
  The ghost of Mycling the Warrior, a veteran DsFi of Okawaru (Vaults:2)
  A golden dragon (Vaults:5)
  2 tentacled monstrosities (Vaults:5)
  3 titans
  3 sphinxes
  2 storm dragons (Vaults:5)
  2 shadow dragons
  A tengu reaver (Vaults:5)
  3 fire giants
  A frost giant (Vaults:5)
  5 orc warlords
  A deep elf sorcerer (Vaults:5)
  15 vault wardens
  A ghoul (Vaults:3)
  6 ironbound preservers
  2 war gargoyles
  2 very ugly things (Vaults:5)
  4 stone giants
  2 vampire knights (Vaults:3)
  2 deep elf demonologists (Vaults:5)
  4 dire elephants
  2 entropy weavers (Vaults:4)
  A deep elf death mage (Vaults:2)
  An ettin (Vaults:1)
  4 yaktaur captains
  2 great orbs of eyes
  3 ironbound thunderhulks
  3 peacekeepers
  A boulder beetle (Vaults:2)
  6 ironbound frosthearts
  3 vault guards
  4 centaur warriors (Vaults:2)
  2 orc high priests (Vaults:2)
  7 hell knights (Vaults:4)
  5 nameless horrors
  A glowing orange brain (shapeshifter) (Vaults:5)
  7 wizards
  8 deep trolls
  9 orc knights
  2 necromancers
  9 ironbound convokers
  3 lindwurms (Vaults:2)
  15 ugly things
  An orb spider (shapeshifter) (Vaults:5)
  An elephant (Lair:2)
  11 vault sentinels
  A human zombie (Vaults:3)
  A freezing wraith (Vaults:5)
  24 yaktaurs
  A tengu simulacrum (Vaults:3)
  A deep troll zombie (Vaults:3)
  A dream sheep (shapeshifter) (Vaults:5)
  12 slime creatures
  2 tarantellas (Vaults:4)
  An elf simulacrum (Vaults:3)
  A redback (Vaults:4)
  3 orc warriors (Vaults:2)
  A wight (D:9)
  An orc wizard (D:8)
  4 orcs
  29 foxfires
259 creatures vanquished.

Vanquished Creatures (others)
  An orc warlord (Orc:2)
  2 boulder beetles
  A vault guard (D:13)
  An alligator snapping turtle (Shoals:4)
  27 dancing weapons
  An orc high priest (Orc:2)
  A sea snake (Shoals:4)
  2 wizards
  A lindwurm (Vaults:2)
  An orb spider (Spider:1)
  An orc knight (Orc:2)
  An orc sorcerer (Orc:2)
  A wolf spider (Spider:1)
  A yaktaur (Vaults:2)
  A demonic crawler (Spider:1)
  A merfolk (Shoals:4)
  A troll (Orc:2)
  3 jumping spiders
  A snapping turtle (Shoals:1)
  6 humans (D:13)
  9 orc warriors (Orc:2)
  5 orc priests (Orc:2)
  5 orc wizards (Orc:2)
  12 orcs (Orc:2)
  A bush (D:4)
  2628 foxfires
  35 fungi
  69 plants
  2 starspawn tentacles (Abyss:3)
  15 tentacles
  A withered plant (D:15)
2837 creatures vanquished.

Grand Total: 4480 creatures vanquished

Notes
Turn   | Place    | Note
-------+----------+-------------------------------------------
     0 | D:1      | robertstho the Djinni Fire Elementalist began the quest for
                  | the Orb.
     0 | D:1      | Reached XP level 1. HP: 15/15 MP: 0/0
   282 | D:1      | Reached XP level 2. HP: 18/21 MP: 0/0
   407 | D:1      | Found a faded altar of an unknown god.
  1192 | D:1      | Reached XP level 3. HP: 23/26 MP: 0/0
  1192 | D:1      | Learned a level 1 spell: Pain
  1650 | D:2      | Reached skill level 1 in Fighting
  1650 | D:2      | Reached skill level 1 in Armour
  1747 | D:2      | Reached skill level 3 in Spellcasting
  1998 | D:2      | Reached XP level 4. HP: 28/32 MP: 0/0
  2806 | D:3      | Reached XP level 5. HP: 4/37 MP: 0/0
  2806 | D:3      | Learned a level 2 spell: Corpse Rot
  3160 | D:3      | Found a shimmering altar of Xom.
  3161 | D:3      | Found a shimmering altar of Xom.
  3162 | D:3      | Found a shimmering altar of Xom.
  3168 | D:3      | Found a shimmering altar of Xom.
  3168 | D:3      | Found a shimmering altar of Xom.
  3168 | D:3      | Found a shimmering altar of Xom.
  3331 | D:3      | Noticed Ijyb
  3339 | D:3      | Killed Ijyb
  3516 | D:3      | Noticed Natasha
  3521 | D:3      | Killed Natasha
  3522 | D:3      | Reached XP level 6. HP: 36/43 MP: 0/0
  3628 | D:3      | Noticed Natasha
  3630 | D:3      | Killed Natasha
  4138 | D:4      | Noticed an ogre
  4143 | D:4      | Killed an ogre
  4144 | D:4      | Reached skill level 4 in Spellcasting
  4255 | D:4      | Identified the +7 shortbow of Animal Spirits {flame, Str+3}
  4444 | D:4      | Noticed Pikel
  4626 | D:3      | Noticed Natasha
  4627 | D:3      | Killed Natasha
  4628 | D:3      | Reached XP level 7. HP: 32/49 MP: 0/0
  4628 | D:3      | Learned a level 3 spell: Swiftness
  5391 | D:4      | Found a staircase to the Ecumenical Temple.
  5978 | D:5      | Entered Level 5 of the Dungeon
  5986 | D:5      | Found an ornate altar of the Wu Jian Council.
  6330 | D:5      | Reached skill level 1 in Bows
  6405 | D:5      | Reached XP level 8. HP: 55/55 MP: 0/0
  6638 | D:5      | Identified the +0 pair of gloves of Cooriju {rElec Int+4
                  | Dex+4}
  7304 | D:6      | Reached skill level 5 in Spellcasting
  7447 | Temple   | Entered the Ecumenical Temple
  7476 | Temple   | Became a worshipper of Gozag Ym Sagoz the Greedy
  7592 | D:6      | Reached XP level 9. HP: 52/62 MP: 0/0
  7592 | D:6      | Learned a level 3 spell: Call Canine Familiar
  7917 | D:6      | Reached skill level 5 in Dodging
  8686 | D:7      | Noticed Maggie
  8697 | D:7      | Killed Maggie
  9063 | D:7      | Reached skill level 1 in Short Blades
  9308 | D:7      | Reached skill level 6 in Spellcasting
  9979 | D:8      | Reached XP level 10. HP: 50/69 MP: 0/0
  9998 | D:8      | Reached skill level 5 in Armour
 10378 | D:8      | Reached skill level 5 in Fighting
 10694 | D:8      | Noticed Erica
 10711 | D:8      | Killed Erica
 11204 | D:8      | Noticed Psyche
 11214 | D:8      | Killed Psyche
 11333 | D:9      | Reached skill level 7 in Spellcasting
 11576 | D:9      | Found a staircase to the Lair.
 12016 | D:9      | Reached XP level 11. HP: 59/76 MP: 0/0
 12016 | D:9      | Learned a level 5 spell: Borgnjor's Vile Clutch
 12639 | D:9      | Found a shadowy altar of Dithmenos.
 12810 | D:10     | Entered Level 10 of the Dungeon
 13913 | D:10     | Reached skill level 1 in Long Blades
 13913 | D:10     | Reached skill level 8 in Spellcasting
 14067 | Lair:1   | Entered Level 1 of the Lair of Beasts
 14067 | Lair:1   | Found a gate leading to a gauntlet.
 14085 | Gauntlet | Entered a Gauntlet
 14085 | Gauntlet | Found a transporter.
 14085 | Gauntlet | Found a transporter.
 14085 | Gauntlet | Found a runed translucent door.
 14085 | Gauntlet | Found a runed translucent door.
 14103 | Gauntlet | Found a transporter.
 14106 | Gauntlet | Found a transporter.
 14112 | Gauntlet | Found a runed translucent gate.
 14114 | Gauntlet | Found a transporter.
 14115 | Gauntlet | Found a runed translucent gate.
 14115 | Gauntlet | Found a runed translucent gate.
 14118 | Gauntlet | Found a transporter.
 14120 | Gauntlet | Noticed a death yak
 14120 | Gauntlet | Noticed a death yak
 14120 | Gauntlet | Noticed a death yak
 14121 | Gauntlet | Noticed a death yak
 14122 | Gauntlet | Found a runed translucent door.
 14122 | Gauntlet | Noticed a necromancer
 14124 | Gauntlet | Found a runed translucent door.
 14126 | Gauntlet | Found a transporter.
 14144 | Gauntlet | Noticed a wizard
 14145 | Gauntlet | Found a transporter.
 14146 | Gauntlet | Noticed a wizard
 14162 | Gauntlet | Found a transporter.
 14166 | Gauntlet | Found a transporter.
 14174 | Gauntlet | Found a transporter.
 14178 | Gauntlet | Found a transporter.
 14436 | Gauntlet | Identified the amulet "Oresot" {Acrobat rCorr Str+3}
 14662 | Gauntlet | Killed a wizard
 14667 | Gauntlet | Killed a wizard
 14812 | Gauntlet | Noticed a minotaur
 15005 | Gauntlet | Killed a minotaur
 15685 | Lair:1   | Noticed Harold
 15697 | Lair:1   | Killed Harold
 15856 | Lair:1   | Noticed a seven-headed hydra
 15862 | Lair:1   | Killed a seven-headed hydra
 15868 | Lair:1   | Reached XP level 12. HP: 58/84 MP: 0/0
 16340 | Lair:1   | Reached skill level 9 in Spellcasting
 16764 | Lair:2   | Noticed a boulder beetle
 16779 | Lair:2   | Killed a boulder beetle
 17381 | Lair:2   | Reached skill level 10 in Spellcasting
 17801 | Lair:2   | Reached XP level 13. HP: 43/92 MP: 0/0
 17801 | Lair:2   | Learned a level 5 spell: Agony
 18034 | Lair:2   | Found a broken altar of Ashenzari.
 18949 | Lair:3   | Bought a scroll of identify for 28 gold pieces
 18949 | Lair:3   | Bought a scroll of brand weapon for 280 gold pieces
 18949 | Lair:3   | Bought a scroll of identify for 28 gold pieces
 18949 | Lair:3   | Bought a scroll of identify for 28 gold pieces
 18949 | Lair:3   | Bought a scroll of fear for 49 gold pieces
 18949 | Lair:3   | Bought a scroll of identify for 28 gold pieces
 18949 | Lair:3   | Bought a scroll of identify for 28 gold pieces
 18949 | Lair:3   | Bought a scroll of identify for 28 gold pieces
 19554 | Lair:3   | Noticed Gastronok
 19565 | Lair:3   | Reached skill level 10 in Dodging
 19567 | Lair:3   | Killed Gastronok
 19568 | Lair:3   | Reached skill level 11 in Spellcasting
 20079 | Lair:4   | Found a staircase to the Shoals.
 20172 | Lair:4   | Found a hole to the Spider Nest.
 20879 | Lair:4   | Noticed a six-headed hydra
 20891 | Lair:4   | Killed a six-headed hydra
 21278 | Lair:4   | Noticed a five-headed hydra
 21287 | Lair:4   | Killed a five-headed hydra
 21371 | Lair:4   | Reached skill level 5 in Stealth
 22352 | Lair:4   | Noticed a six-headed hydra
 22359 | Lair:4   | Killed a six-headed hydra
 22360 | Lair:4   | Reached XP level 14. HP: 82/101 MP: 0/0
 23413 | Lair:5   | Reached skill level 12 in Spellcasting
 25092 | Lair:6   | Entered Level 6 of the Lair of Beasts
 26517 | Lair:6   | Reached skill level 10 in Fighting
 26591 | Lair:6   | Found a runed translucent door.
 26593 | Lair:6   | Found a viscous altar of Jiyva.
 26595 | Lair:6   | Found a staircase to the Slime Pits.
 26624 | Lair:6   | Reached skill level 13 in Spellcasting
 26887 | Lair:6   | Reached XP level 15. HP: 89/107 MP: 0/0
 26887 | Lair:6   | Learned a level 6 spell: Eringya's Noxious Bog
 28584 | Lair:6   | Reached skill level 10 in Armour
 29173 | Lair:6   | Identified the ring of Luishuow {rN+ rCorr AC+4 Str+3}
 29261 | Lair:6   | Identified a scroll of acquirement
 29271 | Lair:6   | Acquired a +0 kite shield of reflection
 29684 | D:11     | Found a staircase to the Orcish Mines.
 29700 | D:11     | Bought a potion of heal wounds for 70 gold pieces
 29700 | D:11     | Bought a potion of degeneration for 14 gold pieces
 29700 | D:11     | Bought a potion of curing for 42 gold pieces
 29700 | D:11     | Bought a potion of lignification for 42 gold pieces
 29700 | D:11     | Bought a potion of invisibility for 112 gold pieces
 29700 | D:11     | Bought a potion of heal wounds for 70 gold pieces
 29700 | D:11     | Bought a potion of heal wounds for 70 gold pieces
 29700 | D:11     | Bought a potion of mutation for 112 gold pieces
 29700 | D:11     | Bought a potion of invisibility for 112 gold pieces
 29700 | D:11     | Bought a potion of haste for 140 gold pieces
 30629 | D:12     | Found Daobeor's General Store.
 30689 | D:12     | Bought a scroll of summoning for 161 gold pieces
 31131 | D:12     | Found Vifaur's Armour Emporium.
 31181 | D:12     | You are sucked into a shaft and drop 3 floors!
 31181 | D:15     | Entered Level 15 of the Dungeon
 31181 | D:15     | Found a staircase to the Depths.
 31201 | D:15     | Noticed a ghoul
 31349 | D:13     | Cast into level 3 of the Abyss (a wizard)
 31412 | Abyss:3  | Reached skill level 14 in Spellcasting
 31434 | Abyss:3  | Found a corrupted altar of Lugonu.
 31707 | Abyss:3  | Identified the +7 flail "Duaq" {pain, Str+4 Int+4}
 31730 | Abyss:3  | Noticed a tentacled starspawn
 31774 | D:13     | Escaped the Abyss
 32204 | D:13     | Noticed Erolcha
 32208 | D:13     | Killed Erolcha
 33032 | D:13     | Reached skill level 1 in Shields
 33037 | D:13     | Reached XP level 16. HP: 92/115 MP: 0/0
 34310 | D:13     | Found a gate to the Vaults.
 34477 | Orc:1    | Entered Level 1 of the Orcish Mines
 35027 | Orc:2    | Entered Level 2 of the Orcish Mines
 36196 | Spider:1 | Entered Level 1 of the Spider Nest
 36813 | Spider:1 | Reached skill level 15 in Spellcasting
 38609 | Spider:1 | Noticed Mlioglotl
 38620 | Spider:1 | Noticed a lich
 38625 | Spider:1 | Noticed a hellephant
 38627 | Spider:1 | Killed Mlioglotl
 40372 | Spider:2 | Bought a potion of magic for 112 gold pieces
 40372 | Spider:2 | Bought a potion of haste for 140 gold pieces
 40372 | Spider:2 | Bought a potion of curing for 42 gold pieces
 40445 | Spider:3 | Reached XP level 17. HP: 58/121 MP: 0/0
 40445 | Spider:3 | Learned a level 7 spell: Storm Form
 40958 | Spider:3 | Found a transporter.
 41513 | Spider:3 | Found a transporter.
 41664 | Spider:3 | Noticed Efeguoh's ghost (adept SpEn)
 41741 | Spider:3 | Noticed Jorgrun
 41751 | Spider:3 | Killed Jorgrun
 42175 | Spider:4 | Entered Level 4 of the Spider Nest
 42616 | Spider:4 | Identified the +1 war axe of Articulation {drain, rC+ Will+
                  | MP-9 Int+3}
 42808 | Spider:4 | Reached skill level 16 in Spellcasting
 45040 | Spider:4 | Got a gossamer rune of Zot
 45240 | Shoals:1 | Entered Level 1 of the Shoals
 46216 | Shoals:1 | Reached XP level 18. HP: 115/130 MP: 0/0
 46366 | Shoals:1 | Noticed a kraken
 46373 | Shoals:1 | Killed a kraken
 46817 | Shoals:1 | Found a bloodstained altar of Trog.
 47955 | Shoals:2 | Noticed a kraken
 47959 | Shoals:2 | Killed a kraken
 48193 | Shoals:2 | Found Suwal's Superlative Supplies.
 48202 | Shoals:2 | Bought a scroll of summoning for 114 gold pieces
 50109 | Shoals:4 | Entered Level 4 of the Shoals
 50389 | Shoals:4 | Noticed a kraken
 50396 | Shoals:4 | Killed a kraken
 50397 | Shoals:4 | Reached skill level 17 in Spellcasting
 51440 | Shoals:4 | Noticed a kraken
 51448 | Shoals:4 | Killed a kraken
 52858 | Shoals:4 | Identified the +1 ring mail of Celoisk {Rampage rN+ Str-4}
 53160 | Shoals:4 | Reached XP level 19. HP: 81/137 MP: 0/0
 53160 | Shoals:4 | Learned a level 7 spell: Orb of Destruction
 53838 | Shoals:4 | Got a barnacled rune of Zot
 54017 | Shoals:4 | Noticed Bai Suzhen
 54040 | Shoals:4 | Killed Bai Suzhen
 54413 | Lair:3   | Bought a scroll of enchant weapon for 105 gold pieces
 54413 | Lair:3   | Bought a scroll of enchant weapon for 105 gold pieces
 55363 | Orc:2    | Found a staircase to the Elven Halls.
 55705 | Orc:2    | Found Misaps's General Store.
 55706 | Orc:2    | Found Tesion's Jewellery Shop.
 55708 | Orc:2    | Found Gafunubo's Antique Armour Boutique.
 55708 | Orc:2    | Found Jionter's Antique Weapon Boutique.
 56160 | Elf:1    | Entered Level 1 of the Elven Halls
 56799 | Elf:1    | Reached skill level 15 in Dodging
 58541 | Elf:2    | Identified the +8 chain mail of a Labyrinth {rF+ Regen+
                  | rCorr Int-2}
 58941 | Elf:2    | Found a magical portal.
 58946 | WizLab   | Entered Zonguldrok's Shrine
 59049 | WizLab   | Reached skill level 18 in Spellcasting
 60149 | WizLab   | Noticed an antique lich
 60154 | WizLab   | Killed an antique lich
 60247 | WizLab   | Found the +9 sword of Zonguldrok {reap}
 60777 | Elf:2    | Reached XP level 20. HP: 113/145 MP: 0/0
 61155 | Elf:2    | Found a runed translucent gate.
 61156 | Elf:2    | Found a runed translucent gate.
 61156 | Elf:2    | Found a runed translucent gate.
 62167 | Elf:2    | Noticed Nikola
 62178 | Elf:2    | Killed Nikola
 63033 | Elf:3    | Entered Level 3 of the Elven Halls
 63561 | Elf:3    | Found a frozen archway.
 63710 | IceCv    | Entered an ice cave
 63993 | IceCv    | Identified the +0 pair of boots "Qasionur" {Str+6}
 66710 | Elf:3    | Reached skill level 19 in Spellcasting
 68373 | Elf:3    | Noticed a Brimstone Fiend
 68374 | Elf:3    | Noticed a Tzitzimitl
 68740 | Elf:3    | Reached XP level 21. HP: 105/152 MP: 0/0
 68740 | Elf:3    | Learned a level 8 spell: Summon Horrible Things
 69370 | Elf:3    | Identified the +5 mace "Bougiula" {vorpal, rPois MP+9
                  | Int+4}
 70581 | Elf:3    | Identified the +9 hand crossbow of the Fray {elec, Dex+3}
 71215 | Elf:3    | Acquired the ring of Meck {rC+ rN+ Str+6 SInv}
 71229 | Elf:3    | Acquired 379 gold pieces
 74043 | D:14     | Reached skill level 5 in Shields
 75590 | Vaults:1 | Entered Level 1 of the Vaults
 76764 | Vaults:1 | Reached skill level 20 in Spellcasting
 76787 | Vaults:1 | Reached XP level 22. HP: 55/159 MP: 0/0
 78139 | Vaults:2 | Reached skill level 15 in Armour
 78416 | Vaults:2 | Reached skill level 15 in Fighting
 79932 | Vaults:2 | Found a runed translucent gate.
 79932 | Vaults:2 | Found a runed translucent gate.
 79935 | Vaults:2 | Found a runed translucent gate.
 79935 | Vaults:2 | Noticed Mycling's ghost (veteran DsFi)
 79937 | Vaults:2 | Identified the +0 chain mail of Privacy {Str+2 Dex+4 SInv}
 80081 | Vaults:2 | Found Gozag's Antique Weapon Boutique.
 80180 | Vaults:2 | Found an opulent altar of Gozag.
 80187 | Vaults:2 | Found Gozag's Assorted Antiques.
 80190 | Vaults:2 | Found Gozag's Antique Weapon Shop.
 80193 | Vaults:2 | Bought an encrusted long sword for 850 gold pieces
 80193 | Vaults:2 | Identified the +5 long sword "Qumebb" {flame, rElec Dex+3}
                  | (You bought it in a shop on level 2 of the Vaults)
 80193 | Vaults:2 | Bought a steaming emerald amulet for 500 gold pieces
 80193 | Vaults:2 | Identified the amulet of Liberalism {Acrobat rC+} (You
                  | bought it in a shop on level 2 of the Vaults)
 80748 | Vaults:2 | Noticed an ancient lich
 81315 | Vaults:2 | Killed Mycling's ghost
 81806 | Vaults:3 | Reached skill level 21 in Spellcasting
 81806 | Vaults:3 | Reached XP level 23. HP: 29/166 MP: 0/0
 81806 | Vaults:3 | Learned a level 7 spell: Monstrous Menagerie
 82541 | Vaults:3 | Found a staircase to the Crypt.
 83579 | Vaults:3 | Identified the +1 scale mail "Arios" {Dex+2}
 84362 | Vaults:3 | Noticed a dread lich
 84372 | Vaults:3 | Killed a dread lich
 85232 | Vaults:4 | Found Ofoskos's Distillery.
 85240 | Vaults:4 | Bought a potion of curing for 63 gold pieces
 85240 | Vaults:4 | Bought a potion of curing for 63 gold pieces
 85240 | Vaults:4 | Bought a potion of curing for 63 gold pieces
 85758 | Vaults:4 | Found Iciezosi's Magic Scroll Shoppe.
 85770 | Vaults:4 | Bought a scroll of enchant weapon for 150 gold pieces
 85770 | Vaults:4 | Bought a scroll of summoning for 190 gold pieces
 85770 | Vaults:4 | Bought a scroll of blinking for 150 gold pieces
 85770 | Vaults:4 | Bought a scroll of enchant weapon for 150 gold pieces
 85926 | Vaults:4 | Found Zexon's Weapon Emporium.
 87372 | Vaults:5 | Entered Level 5 of the Vaults
 87381 | Vaults:5 | Noticed a dread lich
 87640 | Vaults:5 | Reached XP level 24. HP: 50/175 MP: 0/0
 87672 | Vaults:5 | HP: 8/175 [disintegration[a dread lich] (13)]
 87686 | Vaults:5 | Killed a dread lich
 87687 | Vaults:5 | Reached skill level 22 in Spellcasting
 87687 | Vaults:5 | HP: 8/175 [tengu reaver/bolt of cold (30)]
 88085 | Vaults:5 | Noticed a golden dragon
 88093 | Vaults:5 | Killed a golden dragon
 88153 | Vaults:5 | Killed from afar by a frost giant

Illustrated notes

Levels and vault maps discovered:
D:1:      minmay_arrival_loop, layout_basic, hellmonk_ecumenical_altar_zigzags
D:2:      layout_rooms, minmay_liquid_box, corexii_leaking_fountain,
          serial_park_tiny_2
D:3:      layout_basic, xom_redecorated, uniq_ijyb, uniq_natasha
D:4:      layout_cave_pods, temple_pool_b, minmay_hedge_maze, uniq_pikel
D:5:      layout_cave_pods, nicolae_wu_jian_wuxing_cycle, feat_on_display
D:6:      layout_cave_pods, serial_rivers, chequers_serial_rivers_micro_a,
          chequers_serial_rivers_micro_c, chequers_serial_rivers_large_b,
          chequers_serial_rivers_small_3, chequers_serial_rivers_small_3,
          chequers_serial_rivers_micro_e
D:7:      layout_basic, uniq_maggie
D:8:      layout_loops_ring, grunt_ministairs_15, uniq_psyche, uniq_erica
D:9:      layout_cave_pods, gammafunk_temple_overflow_elements, erik_lair_island
D:10:     layout_stronghold
D:11:     layout_loops_cross, minmay_orc_entry_guard_dogs
D:12:     layout_loops_cross, serial_shops, nicolae_shop_crystal, shop, shop,
          nicolae_shop_behind_doors, nicolae_stop_n_shop_2, drop_trap,
          fake_guardian_serpent_vault
D:13:     minmay_tri_stars, layout_long_grid, ximxim_vaults_locker_room,
          uniq_erolcha
D:14:     layout_gridville, minmay_misc_feat_room
D:15:     gammafunk_enter_depths_forms, layout_loops_ring,
          minmay_misc_feat_columns, serial_undead, serial_undead_c,
          serial_undead_d, serial_undead_b, serial_undead_e, vehumet_crystals
Temple:   hc_temple_tempest_star
Lair:1:   layout_concentric_octagons, gauntlet_entry_generic,
          chequers_serial_rivers_large_a, uniq_harold
Lair:2:   layout_long_grid, basic_altar
Lair:3:   layout_chaotic_city, lemuel_fruit_tree, uniq_gastronok
Lair:4:   layout_layer_cave, minmay_shoals_entry_beasts, dummy_spider_entry,
          nicolae_quartered_pool_medium
Lair:5:   layout_layer_cave
Lair:6:   grunt_lair_end_beastmaster, layout_long_grid, slime_altar_2,
          st_stairs_7, kennysheep_abandoned_house, serial_bayou_shore_a,
          infiniplex_staircase_pool_2
Shoals:1: layout_shoals, lemuel_centaur_altar
Shoals:2: layout_shoals, nicolae_alphabet_shops
Shoals:3: layout_shoals
Shoals:4: shoals_end_simple, layout_shoals, uniq_bai_suzhen
Spider:1: layout_chambers, uniq_mlioglotl
Spider:2: layout_spider_delve, nicolae_spider_cling_halls
Spider:3: layout_spider_delve, gammafunk_ghost_arena, uniq_jorgrun
Spider:4: grunt_spider_rune_circles
Orc:1:    layout_diamond_mine, basic_altar, mines4_lemuel
Orc:2:    st_orc_congregation, layout_caves
Elf:1:    layout_geoelf_grid, minmay_elf_necromancy
Elf:2:    nicolae_elf_blades_crystal_corner, layout_loops_ring,
          mu_enter_wizlab_1, uniq_nikola
Elf:3:    minmay_elf_hall_four_x, layout_loops_corners,
          portal_ice_cave_entry_pillars_1, hangedman_elf_power_crystal
Vaults:1: vaults_room_semicircle, dpeg_vaults_waves,
          nicolae_vaults_three_branches, v_misc_16, layout_vaults_chaotic_city
Vaults:2: biasface_vaults_ghost_orc_armoury, v_pattern_1,
          vaults_mumra_minichess, vaults_dpeg_ring, nicolae_vaults_angled_halls,
          nicolae_vaults_what_the_h, kennysheep_vaults_gozag_temple,
          vaults_room_corners, nicolae_vaults_specimen_jars,
          nicolae_vaults_border_crossing, hangedman_vaults_stream,
          layout_vaults_omnicross
Vaults:3: v_misc_33, nicolae_vaults_theta, v_misc_5,
          hangedman_vaults_variations, nicolae_vaults_network_square,
          vaults_mumra_minichess_inversion, minmay_crypt_entry_simple_box,
          v_misc_25, nicolae_vaults_quartermaster, vaults_room_octagon,
          hangedman_vaults_snaps, ontoclasm_vaults_twist, layout_vaults_ring
Vaults:4: nicolae_vaults_lopsided_apartments, grunt_vaults_funnel,
          nicolae_vaults_asterisk, layout_vaults_omnigrid, serial_shops,
          bzr_firewalk, shop, shop_fountains, shop
Vaults:5

Skill      XL: |  1  2  3  4  5  6  7  8  9 10 11 12 13 14 15 16 17 18 19 20 21 22 23 24 |
---------------+-------------------------------------------------------------------------+-----
Fighting       | 1 2 3 4 5 6 7 9 10 11 12 13 14 15 16 | 16.1
Armour         | 1 2 3 4 5 7 8 9 10 11 12 13 14 15 16 | 16.2
Spellcasting   | 3 4 5 6 7 8 10 11 13 14 15 16 17 18 19 20 21 22 | 22.1
Dodging        | 3 4 6 7 8 9 10 11 12 13 14 15 16 17 18 | 18.2
Stealth        | 2 3 4 5 6 |  6.1
Bows           | 1 3 |  3.4
Short Blades   | 2 3 |  3.3
Long Blades    | 2 3 |  3.9
Shields        | 1 2 3 4 5 |  5.9
Evocations     | |  0.2

Action                   |  1- 3 |  4- 6 |  7- 9 | 10-12 | 13-15 | 16-18 | 19-21 | 22-24 || total
-------------------------+-------+-------+-------+-------+-------+-------+-------+-------++-------
Melee: Dagger            |       |    17 |     1 |       |       |       |       |       ||    18
       Rapier            |       |       |    47 |       |       |       |       |       ||    47
       Long sword        |       |       |       |    26 |    69 |     5 |    27 |     3 ||   130
 Fire: Shortbow          |       |     2 |    63 |       |       |       |       |       ||    65
 Cast: Foxfire           |    80 |    35 |    41 |   122 |   247 |   776 |   180 |     6 ||  1487
       Scorch            |     6 |    57 |    47 |    59 |   110 |   187 |    42 |    40 ||   548
       Flame Wave        |       |     1 |     5 |    36 |    41 |    76 |    39 |     8 ||   206
       Call Canine Famil |       |       |     2 |     9 |     1 |     3 |     4 |    21 ||    40
       Borgnjor's Vile C |       |       |       |    41 |   242 |   255 |    89 |    26 ||   653
       Eringya's Noxious |       |       |       |       |     3 |    21 |     6 |     1 ||    31
       Agony             |       |       |       |       |     3 |     1 |       |       ||     4
       Pain              |       |       |       |       |       |     2 |       |       ||     2
       Orb of Destructio |       |       |       |       |       |       |   474 |    80 ||   554
       Summon Horrible T |       |       |       |       |       |       |     7 |   126 ||   133
       Monstrous Menager |       |       |       |       |       |       |       |    45 ||    45
Invok: Potion Petition   |       |       |       |     3 |     1 |     1 |     1 |    21 ||    27
       Call Merchant     |       |       |       |       |     2 |     1 |     1 |       ||     4
Evoke: Wand              |       |       |       |       |       |       |     3 |       ||     3
       Condenser vane    |       |       |       |       |       |       |       |     1 ||     1
  Use: Scroll            |       |     4 |     2 |     6 |    15 |    14 |     8 |     9 ||    58
       Potion            |       |       |       |     3 |    10 |     1 |     4 |    22 ||    40
 Stab: Sleeping          |       |       |     2 |       |     4 |       |       |       ||     6
       Distracted        |       |       |       |     1 |       |       |     1 |       ||     2
Armor: Robe              |       |    10 |     4 |       |       |       |       |       ||    14
       Steam dragon scal |       |       |    35 |    24 |   128 |   114 |    72 |    37 ||   410
Dodge: Dodged            |     2 |    29 |    75 |   119 |   224 |   253 |   190 |    87 ||   979
Block: Kite shield       |       |       |       |       |    53 |   163 |   121 |    91 ||   428
       Reflection        |       |       |       |       |     3 |    26 |    41 |    30 ||   100

Table legend: (Time is in decaauts)
 A = Elapsed time spent in this place.
 B = Non-inter-level travel time spent in this place.
 C = Inter-level travel time spent in this place.
 D = Time resting spent in this place.
 E = Time spent auto-exploring this place.
 F = Levels seen in this place.
 G = Mean time per level.
                   A        B        C        D        E       F      G
               +--------+--------+--------+--------+--------+-----+--------+
         Total |  88174 |  85261 |   2913 |  11023 |  63944 |  44 | 2004.0 |
       Dungeon |  23163 |  22090 |   1073 |    765 |  19154 |  15 | 1544.2 |
        Temple |     41 |     29 |     12 |      0 |     20 |   1 |   41.0 |
          Lair |  14255 |  13703 |    552 |   1758 |  10564 |   6 | 2375.8 |
        Shoals |   9121 |   8941 |    180 |    515 |   7250 |   4 | 2280.2 |
   Spider Nest |   9041 |   8701 |    340 |   1785 |   5978 |   4 | 2260.2 |
  Orcish Mines |   3319 |   3032 |    287 |   1252 |   1315 |   2 | 1659.5 |
   Elven Halls |  11540 |  11257 |    283 |   2292 |   7748 |   3 | 3846.7 |
        Vaults |  12515 |  12333 |    182 |    522 |   9770 |   5 | 2503.0 |
         Abyss |    412 |    412 |      0 |    193 |     50 |   1 |  412.0 |
      Ice Cave |   2230 |   2230 |      0 |   1014 |    972 |   1 | 2230.0 |
        Wizlab |   1338 |   1338 |      0 |    265 |    847 |   1 | 1338.0 |
      Gauntlet |   1193 |   1193 |      0 |    662 |    276 |   1 | 1193.0 |
               +--------+--------+--------+--------+--------+-----+--------+

Top non-repeatable levels by time:
   Elf:3: 4689 daAuts
Shoals:4: 4210 daAuts
Vaults:2: 4158 daAuts
   Elf:2: 4074 daAuts
  Lair:6: 3996 daAuts
Spider:1: 3127 daAuts
Vaults:4: 2873 daAuts
  Lair:4: 2831 daAuts
    D:13: 2823 daAuts
   Elf:1: 2776 daAuts
Vaults:3: 2743 daAuts
    D:15: 2423 daAuts
Spider:3: 2366 daAuts
  Lair:5: 2252 daAuts
   Orc:1: 2237 daAuts
